 Dungeon Crawl Stone Soup version 0.30-b1-2-g02819fbbbe (webtiles) character file.

Game seed: 11904469569370403368

163 grindst0ne the Trooper (level 5, -1/75 HPs)
             Began as a Minotaur Monk on May 14, 2023.
             Slain by a frilled lizard (3 damage)
             ... in a sewer.
             The game lasted 00:03:15 (1783 turns).

grindst0ne the Trooper (Minotaur Monk)              Turns: 1783, Time: 00:03:16

Health: -1/75      AC:  6    Str: 16    XL:     5   Next: 20%
Magic:  4/4        EV:  2    Int:  9    God:
Gold:   93         SH:  0    Dex: 18    Spells: 4/4 levels left

rFire   . . .        e - +2 dagger (venom)
rCold   . . .        d - orb {light}
rNeg    . . .        s - melded +0 chain mail
rPois   +            (helmet currently unavailable)
rElec   .            (cloak currently unavailable)
rCorr   .            (gloves currently unavailable)
SInv    .            (boots currently unavailable)
Will    .....        (no amulet)
Stlth   +            m - +6 ring of dexterity
HPRegen 0.32/turn    (no ring)
MPRegen 0.09/turn

%: no passive effects
@: tree-form, corroded, glowing
A: stationary, stasis, torment immunity, boosted hp, (horns 2), (retaliatory
headbutt)
a: no special abilities


You were in a sewer.
You were a tree.
You visited 1 branch of the dungeon, and saw 4 of its levels.
You also visited: Sewer.

You collected 93 gold pieces.

Inventory:

Hand Weapons
 a - a +0 hand axe
 e - a +2 dagger of venom (weapon)
Missiles
 y - 5 poisoned darts (quivered)
Armour
 b - a +0 robe
 d - an orb of light (worn)
 s - a +0 chain mail (melded)
Jewellery
 m - a +6 ring of dexterity (left branch)
 v - an amulet of magic regeneration
Scrolls
 g - a scroll of blinking {unknown}
 h - a scroll of teleportation {unknown}
 i - a scroll of fog {unknown}
 j - 2 scrolls of amnesia {unknown}
 l - a scroll of silence {unknown}
 o - a scroll of immolation {unknown}
 q - a scroll of fear {unknown}
 r - a scroll of noise {unknown}
 t - a scroll of enchant armour {unknown}
 w - a scroll of identify {unknown}
Potions
 f - a potion of heal wounds {unknown}
 k - 2 potions of degeneration {unknown}
 n - a potion of cancellation {unknown}
 u - a potion of flight {unknown}
 x - a potion of resistance {unknown}


   Skills:
 + Level 5.6 Fighting
 - Level 3.9 Axes
 + Level 3.8 Armour
 - Level 3.2 Dodging


You had 4 spell levels left.
You didn't know any spells.
Your spell library was empty.

Dungeon Overview and Level Annotations

Branches:
Dungeon (4/15)              Sewer (1/1)
 Temple: D:4-7

Altars:
Sif Muna


Innate Abilities, Weirdness & Mutations

You are a tree.
Your roots penetrate the ground, keeping you stationary.
You cannot be teleported.
You are immune to unholy pain and torment.
Your maximum health is greatly increased.
Your equipment is partially melded.
((You have a pair of horns on your head.))
((You reflexively headbutt those who attack you in melee.))


Message History

The jelly hits you but does no damage.
You hit the jelly. The acid corrodes you!
Your hands burn!
The jelly is moderately wounded.
The frilled lizard bites you but does no damage.
The jelly barely misses you.
You hit the jelly but do no damage.
The jelly is poisoned.
The acid corrodes you!
Your hands burn!
The jelly is moderately wounded.
The frilled lizard barely misses you. The jelly hits you.
The acid corrodes you!
You are splashed with acid!
You hit the jelly but do no damage.
Your hands burn!
The jelly is moderately wounded.
The frilled lizard bites you. The jelly hits you. The acid corrodes you!
You are splashed with acid!
You are too injured to fight recklessly!
You are too injured to fight recklessly!
You are too injured to fight recklessly!
Okay, then.
You are confused.
You feel invigorated. The frilled lizard barely misses you. The jelly hits you.
The acid corrodes you!
You are splashed with acid!
You hit the jelly but do no damage.
Your hands burn!
* * * LOW HITPOINT WARNING * * *
The jelly is moderately wounded.
The frilled lizard barely misses you. The jelly hits you.
You are splashed with acid!
* * * LOW HITPOINT WARNING * * *
You bump into the stone wall.
You feel less invigorated.
You feel less confused. The frilled lizard bites you.
* * * LOW HITPOINT WARNING * * *
The jelly hits you.
* * * LOW HITPOINT WARNING * * *
The acid corrodes you!
You are splashed with acid!
* * * LOW HITPOINT WARNING * * *
It was a potion of lignification.
You turn into a tree.
Your +0 chain mail melds into your body.
Your roots penetrate the ground.
The frilled lizard bites you.
You die...

#~~
#~~..~###~.#####
#.~# ##.~####
#...~~..
#.~.###...#
#.....~.
#∩.~~†~~~#
########
##~~~..†##
####..## ##.~#
.~####..~#
~~~~~.J♣##
~...~.l##
###~~.. #.~~~
#.??# #!_! ####


You could see a jelly (poisoned) and a frilled lizard.

Vanquished Creatures
  A hound (D:4)
  Terence (D:2)
  4 adders
  A gnoll (D:1)
  A dart slug (D:4)
  An orc (D:3)
  9 endoplasms
  4 giant cockroaches
  5 hobgoblins
  2 quokkas
  7 ball pythons
  3 bats
  4 frilled lizards
  6 goblins
  5 kobolds
  8 rats
62 creatures vanquished.

Notes
Turn   | Place    | Note
-------+----------+-------------------------------------------
     0 | D:1      | grindst0ne the Minotaur Monk began the quest for the Orb.
     0 | D:1      | Reached XP level 1. HP: 19/19 MP: 0/0
    72 | D:1      | Reached skill level 4 in Fighting
    77 | D:1      | Reached XP level 2. HP: 27/27 MP: 1/1
   186 | D:1      | Reached skill level 1 in Armour
   605 | D:1      | Reached XP level 3. HP: 27/34 MP: 2/2
  1173 | D:2      | Noticed Terence
  1179 | D:2      | Killed Terence
  1297 | D:2      | Reached skill level 5 in Fighting
  1297 | D:2      | Reached XP level 4. HP: 42/42 MP: 3/3
  1371 | D:2      | You fall into a shaft and drop 2 floors!
  1504 | D:3      | Found a shimmering blue altar of Sif Muna.
  1587 | D:3      | Reached XP level 5. HP: 48/48 MP: 4/4
  1671 | D:3      | Found a glowing drain.
  1675 | Sewer    | Entered a sewer
  1774 | Sewer    | Found a viscous altar of Jiyva.
  1782 | Sewer    | HP: 1/50 [acid (7)]
  1783 | Sewer    | Slain by a frilled lizard

Illustrated notes

Levels and vault maps discovered:
D:1:      lightli_iron_boxes, layout_basic
D:2:      minmay_razor_zed, layout_loops_cross, basic_altar, uniq_terence
D:3:      layout_loops_ring, vehumet_statue, lemuel_coloured_pillars_altar,
          chei_slow_surprise, mainiacjoe_overflow_alcove_1,
          mainiacjoe_overflow_24_doors, gup_sewer_entry_spiral, uniq_grinder,
          uniq_ijyb
D:4:      layout_basic, lemuel_zombie_altar_yredelemnul, st_stairs_7
Sewer:    sewer_hellmonk_slimy_pipes

Skill      XL: |  1  2  3  4 |
---------------+-------------+-----
Fighting       | 4 5 |  5.6
Armour         | 1 2 3 |  3.8
Axes           | |  3.9
Dodging        | |  3.2

Action                     |  1- 3 |  4- 6 || total
---------------------------+-------+-------++-------
  Melee: Hand axe          |     6 |       ||     6
         Dagger            |    37 |    68 ||   105
         Headbutt          |    14 |    13 ||    27
    Use: Potion            |       |     2 ||     2
 Armour: Robe              |     3 |       ||     3
         Chain mail        |     8 |    35 ||    43
  Dodge: Dodged            |    10 |    40 ||    50
